 Dungeon Crawl Stone Soup version 0.13.0-28-g1b50097 (webtiles) character file.

116 Grandi the Magician (level 3, -3/22 HPs)
             Began as a Human Wizard on Nov 3, 2013.
             Slain by a worm (11 damage)
             ... on Level 2 of the Dungeon.
             The game lasted 00:07:33 (1452 turns).

Grandi the Magician (Human Wizard)                  Turns: 1452, Time: 00:07:34

HP  -3/22        AC  2     Str  7      XL: 3   Next:  7%
MP   1/9         EV 12     Int 24      God:
Gold 94          SH  0     Dex 11      Spells:  4 memorised,  0 levels left

Res.Fire  : . . .   See Invis. : .   (no weapon)
Res.Cold  : . . .   Warding    : .   a - +0 robe
Life Prot.: . . .   Conserve   : .   (no shield)
Res.Poison: .       Res.Corr.  : .   b - +0 wizard hat
Res.Elec. : .       Clarity    : .   (no cloak)
Sust.Abil.: . .     Spirit.Shd : .   (no gloves)
Res.Mut.  : .       Stasis     : .   (no boots)
Res.Rott. : .       Flight     : .   (no amulet)
Saprovore : . . .                    (no ring)
                                     (no ring)

@: brilliant, slowed, very slow, not resistant to hostile enchantments, fairly
stealthy
A: no striking features
a: no special abilities


You were on level 2 of the Dungeon.
You were not hungry.

You visited 1 branch of the dungeon, and saw 2 of its levels.

You collected 74 gold pieces.

Inventory:

Missiles
 x - 4 javelins (quivered)
Armour
 a - a +0 robe (worn)
 b - a +0 wizard hat (worn)
 p - a +2 scale mail of cold resistance
Comestibles
 d - a bread ration
 j - 2 meat rations
 o - a pear
 t - a rotting chunk of giant gecko flesh
 u - a rotting chunk of bat flesh
 w - 2 chunks of goblin flesh
Scrolls
 e - 3 scrolls of curse jewellery {unknown}
 g - a scroll of remove curse {unknown}
 i - 3 scrolls of identify {unknown}
 n - a scroll of teleportation {unknown}
 q - a scroll of curse armour {unknown}
 r - a scroll of blinking {unknown}
 y - a scroll of random uselessness {unknown}
Jewellery
 k - an uncursed ring of wizardry {unknown}
Books
 c - a book of Minor Magic

   Spells                             Type                      Level
   *Magic Dart                        Conjuration                  1
   *Blink                             Translocation                2
   *Call Imp                          Summoning                    2
   Repel Missiles                     Charms/Air                   2
   Slow                               Hexes                        2
   Conjure Flame                      Conjuration/Fire             3
   *Mephitic Cloud                    Conjuration/Poison/Air       3


   Skills:
 * Level 0.8 Fighting
 * Level 0.8 Armour
 + Level 2.0 Dodging
 + Level 2.0 Stealth
 + Level 3.3 Spellcasting
 + Level 1.2 Conjurations
 + Level 1.1 Summonings
 + Level 1.0 Translocations


You couldn't memorise any spells.
You knew the following spells:

 Your Spells              Type           Power        Failure   Level  Hunger
a - Magic Dart            Conj           ###.         1%          1    None
b - Blink                 Tloc           N/A          1%          2    #......
c - Call Imp              Summ           ###.......   1%          2    #......
d - Mephitic Cloud        Conj/Pois/Air  ###.....     3%          3    ###....


Dungeon Overview and Level Annotations

Branches:
Dungeon (2/27)

Altars:


Message History

Drink which item? (? for menu, Esc to quit)
Okay, then.
You aren't carrying any items that can be evoked.
Drink which item? (? for menu, Esc to quit)
You feel yourself slow down.
It was a potion of slowing.
The rat bites you but does no damage.
Drink which item? (? for menu, Esc to quit)
You feel more clever all of a sudden.
It was a potion of brilliance.
The worm barely misses you. The rat misses you.
Drink which item? (? for menu, Esc to quit)
You are confused.
It was a potion of confusion.
The rat barely misses you. The worm barely misses you. The rat bites you.
* * * LOW HITPOINT WARNING * * *
Your magical contamination has completely faded away.
Drink which item? (? for menu, Esc to quit)
You feel better.
It was a potion of curing.
The rat bites you. The worm bites you!
Ouch! That really hurt!
You die...

# #.# #.#
#.# #.# #.#
#.# #.#
####.#####w#
....>....r@#
############


You could see a worm and a rat.

Vanquished Creatures
  An adder (D:2)
  2 giant geckos (D:1)
  A goblin (D:2)
  2 hobgoblins (D:1)
  2 jackals (D:1)
  A bat (D:1)
  A giant newt (D:1)
  A kobold (D:1)
11 creatures vanquished.

Vanquished Creatures (collateral kills)
  2 bats (D:2)
2 creatures vanquished.

Vanquished Creatures (others)
  A crimson imp (D:2)
  A shadow imp (D:2)
2 creatures vanquished.

Grand Total: 15 creatures vanquished

Notes
Turn   | Place    | Note
--------------------------------------------------------------
     0 | D:1      | Grandi, the Human Wizard, began the quest for the Orb.
     0 | D:1      | Reached XP level 1. HP: 11/11 MP: 5/5
   559 | D:1      | Reached XP level 2. HP: 4/17 MP: 0/7
   626 | D:1      | Learned a level 2 spell: Blink
   629 | D:1      | Learned a level 2 spell: Call Imp
  1256 | D:2      | Reached XP level 3. HP: 18/22 MP: 5/9
  1261 | D:2      | Learned a level 3 spell: Mephitic Cloud
  1452 | D:2      | Slain by a worm

Action                   || total
-------------------------++-------
Throw: Dart              ||     6
       Dagger            ||     1
 Cast: Magic Dart        ||    33
       Call Imp          ||     6
  Use: Potion            ||     4
